AoeStats
← DemonioVilar

Fortress

509273687Analyzed
2v2 RM · 8d ago on Sep 26, 2026· 37m 51s· 4 players
Game mode
Random Map
Map size
Normal (6 player)
Population
200
Speed
Normal
Resources
Standard
Victory
Conquest
Starting age
Dark Age
Ending age
Imperial Age
RankedLock teamsTeams togetherTeam positionsShared explorationLock speedFull tech treeHidden civsTurbo modeCheats
Victory
Defeat
🇲🇽 Goths · Mexico
1039
+13
🇭🇰 Celts · Hong Kong SAR China
1006
+14
🇦🇷 Turks · Argentina
987
-14
🇦🇷 Franks · Argentina
963
-13
ElVampi
7:05 Feudal Age
11:31 Castle Age
9:31 Double-Bit Axe
10:37 Loom
11:03 Scale Mail Armor
11:29 Horse Collar
16:07 Wheelbarrow
17:54 Scale Barding Armor
18:03 Forging
18:41 Town Watch
19:08 Husbandry
19:32 Bloodlines
19:48 Fletching
25:57 Imperial Age
23:46 Squires
23:55 Gold Mining
24:52 Bow Saw
27:36 Chain Mail Armor
27:25 Anarchy
27:47 Conscription
29:43 Iron Casting
35:48 Chemistry
37:46 Two-Man Saw
brain888hk
7:34 Feudal Age
11:08 Castle Age
9:27 Double-Bit Axe
9:26 Horse Collar
10:16 Loom
11:59 Bow Saw
16:04 Wheelbarrow
15:35 Heavy Plow
21:39 Scale Mail Armor
22:48 Pikeman
23:14 Gambesons
23:14 Arson
27:43 Imperial Age
26:34 Chain Mail Armor
26:29 Forging
28:41 Iron Casting
28:40 Halberdier
30:38 Conscription
31:20 Onager
34:52 Hand Cart
34:24 Town Watch
DemonioVilar
7:38 Feudal Age
8:13 Double-Bit Axe
12:10 Gold Mining
14:48 Castle Age
16:54 Bow Saw
18:09 Gold Shaft Mining
22:25 Imperial Age
21:02 Ordonnance Companies
22:33 Scale Barding Armor
24:28 Cavalier
26:07 Fletching
28:55 Wheelbarrow
30:09 Bodkin Arrow
30:38 Ballistics
33:42 Elite Throwing Axeman
LEOLAZZA
5:45 Loom
7:34 Feudal Age
12:09 Castle Age
19:31 Loom
20:22 Wheelbarrow
21:49 Town Watch
24:52 Horse Collar
29:52 Hand Cart
30:05 Double-Bit Axe
32:08 Padded Archer Armor
33:51 Town Patrol
38:09 Imperial Age
Connection lost

Rejoining the realm…

Still unreachable

The connection could not be restored.

Session expired

The server has moved on; the page needs a fresh start.